 Dungeon Crawl Stone Soup version 0.32-a0-818-gb728d0252e (webtiles) character file.

Game seed: 11948176682843367315

38486 fedoskokos the Brawler (level 13, 0/111 HPs)
             Began as a Black Draconian Shapeshifter on Dec 27, 2023.
             Was the Champion of Cheibriados.
             Slain by a polar bear (3 damage)
             ... while paralysed by a hornet
             ... on level 5 of the Lair of Beasts on Mar 24, 2024.
             The game lasted 00:37:09 (15685 turns).

fedoskokos the Brawler (DrSh)                      Turns: 15685, Time: 00:37:10

Health: 0/111      AC: 11    Str: 31    XL:     13   Next: 64%
Magic:  18/19      EV:  2    Int: 28    God:    Cheibriados [******]
Gold:   1952       SH:  0    Dex: 37    Spells: 12/12 levels left

rFire   . .          .
                       - Unarmed
rCold   + . .        (no shield)
rNeg    + . .        (body armour unavailable)
rPois   .            (helmet restricted)
rElec   +            C - scarf {repulsion}
rCorr   .            M - +1 pair of gloves of Bitterness {rC+ Slay+6}
SInv    .            m - +0 pair of boots
Will    .....        (no amulet)
Stlth   +++          l - ring of positive energy
HPRegen 0.38/turn    f - +6 ring of dexterity
MPRegen 0.16/turn

%: repel missiles
@: paralysed, maw-form, slowed, very slow
A: devouring maw, galvanic breath, AC +8, unfitting armour, electricity
resistance, cold-blooded, agile 1
a: Galvanic Breath, Begin Untransformation, Renounce Religion, Bend Time,
Temporal Distortion, Slouch, Step From Time


You were on level 5 of the Lair of Beasts.
You worshipped Cheibriados.
Cheibriados was exalted by your worship.
You were a creature with a mouth for a stomach.
You visited 2 branches of the dungeon, and saw 16 of its levels.
You visited the Abyss 1 time.
You also visited: Sewer and Volcano.

You collected 1952 gold pieces.

Inventory:

Hand Weapons
 a - a +0 arbalest
Missiles
 g - 2 throwing nets (quivered)
Armour
 i - a +0 pair of gloves
 m - a +0 pair of boots (worn)
 C - a scarf of repulsion (worn)
 E - a +0 cloak of fire resistance
 M - the +1 pair of gloves of Bitterness (worn) {rC+ Slay+6}
   (You acquired it on level 3 of the Lair of Beasts)

   Slay+6:    It affects your accuracy & damage with ranged weapons and melee
   (+6).
   rC+:       It protects you from cold.
Jewellery
 f - a +6 ring of dexterity (right hand)
 k - a ring of flight
 l - a ring of positive energy (left hand)
 p - a ring of fire
 u - a +6 ring of intelligence
 B - a +6 ring of intelligence
Talismans
 b - a beast talisman
 c - a flux talisman
 o - a maw talisman (active)
Wands
 v - a wand of polymorph (8)
 I - a wand of charming (14)
 O - a wand of quicksilver (1)
Scrolls
 e - 2 scrolls of revelation
 n - a scroll of fog
 t - 3 scrolls of teleportation
 x - 2 scrolls of brand weapon
 D - a scroll of noise {unknown}
 F - a scroll of enchant weapon {unknown}
 G - a scroll of vulnerability {unknown}
 H - a scroll of poison
 L - a scroll of enchant armour {unknown}
 N - 2 scrolls of amnesia
Potions
 d - a potion of might
 h - 2 potions of haste
 j - 3 potions of attraction
 q - 2 potions of curing
 s - a potion of enlightenment
 A - 5 potions of lignification
 J - 2 potions of cancellation
 K - a potion of experience {unknown}
Miscellaneous
 y - a phantom mirror


   Skills:
 - Level 9.0 Fighting
 - Level 7.4 Dodging
 * Level 15.5 Unarmed Combat
 + Level 8.0 Invocations
 + Level 12.0 Shapeshifting


You had 12 spell levels left.
You didn't know any spells.
Your spell library contained the following spells:

 Spells                   Type           Power      Damage    Failure   Level
 Sandblast                Erth           0%         2d4       11%         1
 Static Discharge         Conj/Air       0%         3-3/arc   17%         2
 Frozen Ramparts          Ice            0%         1d1       32%         3
 Fugue of the Fallen      Necr           0%         N/A       32%         3
 Hailstorm                Conj/Ice       0%         3d5       32%         3
 Ozocubu's Armour         Ice            0%         N/A       32%         3
 Passwall                 Erth           0%         N/A       32%         3
 Stone Arrow              Conj/Erth      0%         3d7       32%         3
 Summon Ice Beast         Ice/Summ       0%         N/A       32%         3
 Airstrike                Air            0%         2d(0-16)  73%         4
 Brom's Barrelling Bould  Conj/Erth      0%         2d3       73%         4
 Leda's Liquefaction      Alch/Erth      0%         N/A       73%         4
 Manifold Assault         Tloc           0%         N/A       73%         4
 Petrify                  Alch/Erth      0%         N/A       73%         4
 Summon Lightning Spire   Summ/Air       0%         N/A       73%         4
 Metabolic Englaciation   Hex/Ice        0%         N/A       97%         5
 Sculpt Simulacrum        Ice/Alch       0%         N/A       100%        6
 Chain Lightning          Conj/Air       0%         N/A       100%        9
 Fire Storm               Conj/Fire      0%         5d1       100%        9
 Shatter                  Erth           0%         3d5*      100%        9


Dungeon Overview and Level Annotations

Branches:
Dungeon (11/15)            Temple (0/1) D:6            Lair (5/5) D:10
  Swamp (0/4) Lair:3       Spider (0/4) Lair:2        Slime (0/5) Lair:5
    Orc (0/2) D:11          Sewer (visited)         Volcano (visited)

Altars:
Cheibriados
Hepliaklqana
Makhleb
Okawaru
Uskayaw

Portals:
Ice
Cave: D:11

Annotations:
D:4 3 runed translucent doors, Grinder; Lymetel's ghost, amateur MiFi; TheSeeker391's ghost, novice HOFi; joopi's ghost, amateur OpSh; koorschki's ghost, amateur DsHu; sanka's ghost, amateur OnMo
D:11 Erica


Innate Abilities, Weirdness & Mutations

You are a creature with a mouth for a stomach.
Your midsection houses a second, enormous mouth.
You can breathe arcing electricity.
Your glossy black scales are hard. (AC +8)
You cannot fit into any form of body armour.
You are resistant to electric shocks. (rElec)
You are cold-blooded and may be slowed by cold attacks.
You are agile. (Dex +4, Str/Int -1)


Message History

You kill the komodo dragon!
The komodo dragon's corpse dissolves into shadows!
The komodo dragon barely misses you.
A basilisk comes into view.
The boggart hits you but does no damage.
The komodo dragon bites you but does no damage.
The boggart barely misses you. The komodo dragon bites you!!
The komodo dragon bites you!
* * * LOW HITPOINT WARNING * * *
The boggart completely misses you. The komodo dragon closely misses you.
The spriggan shouts!
You pummel the boggart!!
You kill the boggart!
Cheibriados thoroughly appreciates the change of pace.
The komodo dragon dissolves into shadows!
The polar bear dissolves into shadows!
The komodo dragon dissolves into shadows!
Your Invocations skill increases to level 8!
You hit the hornet but do no damage.
Your tail-slap misses the hornet.
The hornet stings you!
* * * LOW HITPOINT WARNING * * *
You suddenly lose the ability to move!
The hornet stings you!
* * * LOW HITPOINT WARNING * * *
You feel yourself slow down. The polar bear bites you.
* * * LOW HITPOINT WARNING * * *
The polar bear claws you but does no damage. x2
You feel yourself speed up.
The hornet stings you but does no damage.
The polar bear bites you but does no damage.
The polar bear claws you but does no damage. x2
The hornet stings you.
* * * LOW HITPOINT WARNING * * *
You feel yourself slow down.
The hornet stings you but does no damage.
The polar bear bites you.
* * * LOW HITPOINT WARNING * * *
The polar bear completely misses you. The polar bear claws you.
You die...
Cheibriados appreciates the motionlessness of death.

.P....^♣*♣...** *♣hh♣*..♣*
..P....♣♣*♣..♣♣♣♣♣♣♣.♣♣..♣
........♣♣♣♣..♣♣♣♣♣♣.....♣
#........♣♣♣♣..♣♣♣♣♣♣....♣
..........♣♣♣♣..♣♣♣♣♣....♣
..........♣♣♣♣..♣♣♣♣.....♣
#.####....♣♣♣♣..l♣.).....♣
### ###.##♣♣♣♣yh♣h.†....♣
#.##♣♣♣♣♣W)♣...♣♣.♣*
#..#♣♣♣♣♣......♣♣..♣
##...♣♣♣♣♣.....♣♣♣.♣
#....♣♣♣♣♣†.♣♣♣♣♣i.♣
#..).♣♣♣♣♣..♣♣♣♣♣.,*
♣♣♣♣))♣♣♣♣..♣♣♣♣♣.**
♣♣)♣♣♣..♣♣♣♣♣..*
♣♣)♣♣...♣♣♣♣♣..* ♣..)..♣♣
**,,*


You could see 2 polar bears, a basilisk and a hornet.

Vanquished Creatures
  A stone giant (Volcano)
  An eleionoma (Lair:3)
  Nessos (Lair:3)
  A hydra (Lair:4)
  A catoblepas (Lair:5)
  A two-headed ogre (D:10)
  6 death yaks
  Sonja (Lair:1)
  A skyshark (Lair:4)
  A deep troll (Lair:4)
  An obsidian bat (Volcano)
  An oklob plant (Lair:2)
  3 elephants
  Joseph (D:10)
  4 black mambas
  A gargoyle (Volcano)
  A large abomination (Abyss:1)
  5 cane toads
  2 rime drakes
  A kobold demonologist (D:6)
  7 komodo dragons
  An efreet (Volcano)
  5 polar bears
  A hellwing (Abyss:1)
  3 hornets (Lair:5)
  12 blink frogs
  5 dream sheep (Lair:3)
  2 culicivoras (Lair:2)
  13 spriggans (Lair:5)
  A shadow (D:10)
  4 wyverns
  2 fire elementals (Volcano)
  3 fire bats (Volcano)
  22 yaks
  A basilisk (Lair:1)
  14 water moccasins
  5 orc warriors
  3 ice beasts
  A sky beast (D:6)
  4 black bears
  3 boggarts (Lair:5)
  20 wolves
  A centaur (D:9)
  A phantom (D:5)
  Blork the orc (D:6)
  8 kobold brigands
  3 scorpions (D:10)
  A weeping skull (Abyss:1)
  15 bullfrogs
  2 gnoll sergeants
  2 earth elementals (Volcano)
  9 wights (D:6)
  13 killer bees (D:10)
  3 howler monkeys (D:8)
  A crimson imp (D:6)
  2 bombardier beetles
  4 lava snakes (Volcano)
  2 hounds (D:5)
  3 orc priests
  A gnoll bouda (D:8)
  2 jellies (D:8)
  An iguana (D:5)
  6 orc wizards
  A spriggan simulacrum (D:11)
  A troll simulacrum (D:11)
  19 gnolls
  A naga simulacrum (D:11)
  11 adders
  2 shadow imps
  2 white imps
  3 ribbon worms
  13 orcs
  15 ball pythons
  4 bats
  13 endoplasms
  13 giant cockroaches
  7 goblins
  7 hobgoblins
  A jackal (D:3)
  18 quokkas
  13 frilled lizards
  28 kobolds
  3 rats
423 creatures vanquished.

Vanquished Creatures (others)
  A blink frog (Lair:1)
  A wolf (Lair:5)
2 creatures vanquished.

Grand Total: 425 creatures vanquished

Notes
Turn   | Place    | Note
-------+----------+-------------------------------------------
     0 | D:1      | fedoskokos the Draconian Shapeshifter began the quest for
                  | the Orb.
     0 | D:1      | Reached XP level 1. HP: 16/16 MP: 1/1
   149 | D:1      | Found a faded altar of an unknown god.
   159 | D:1      | Reached XP level 2. HP: 22/23 MP: 2/2
   168 | D:1      | Prayed at the altar of an unknown god.
   168 | D:1      | Became a worshipper of Cheibriados the Contemplative
   168 | D:1      | Reached * piety under Cheibriados
   663 | D:2      | Reached XP level 3. HP: 27/29 MP: 3/3
   729 | D:2      | Reached ** piety under Cheibriados
  1026 | D:2      | Reached skill level 4 in Unarmed Combat
  1337 | D:3      | Reached XP level 4. HP: 35/36 MP: 4/4
  1590 | D:3      | Identified the +0 leather armour of the Oni {rF+ rC- Int+4}
  1648 | D:3      | Identified the +9 quarterstaff of Vela {drain, rPois Int+3}
  2263 | D:4      | Found a runed translucent gate.
  2263 | D:4      | Noticed sanka's ghost (amateur OnMo)
  2264 | D:4      | Found a runed translucent gate.
  2264 | D:4      | Found a runed translucent gate.
  2265 | D:4      | Noticed Lymetel's ghost (amateur MiFi)
  2265 | D:4      | Noticed koorschki's ghost (amateur DsHu)
  2265 | D:4      | Noticed TheSeeker391's ghost (novice HOFi)
  2357 | D:4      | Reached *** piety under Cheibriados
  2432 | D:4      | Noticed a black bear
  2448 | D:4      | Killed a black bear
  2449 | D:4      | Reached XP level 5. HP: 27/44 MP: 1/5
  2733 | D:4      | Reached skill level 5 in Unarmed Combat
  2733 | D:4      | Reached XP level 6. HP: 30/51 MP: 6/6
  2993 | D:4      | Noticed joopi's ghost (amateur OpSh)
  3032 | D:5      | Entered Level 5 of the Dungeon
  3032 | D:5      | Noticed Grinder
  3105 | D:5      | HP: 3/76 [orc/+0 trident (2)]
  3147 | D:5      | Found a glowing drain.
  3167 | Sewer    | Entered a sewer
  3339 | Sewer    | Reached **** piety under Cheibriados
  3520 | Sewer    | Reached ***** piety under Cheibriados
  3569 | Sewer    | Reached skill level 1 in Invocations
  3569 | Sewer    | Your scales start taking on a glossy black colour.
  3569 | Sewer    | Reached XP level 7. HP: 19/58 MP: 4/7
  3569 | Sewer    | Gained mutation: You are resistant to electric shocks.
                  | (rElec) [Black Draconian growth]
  3795 | D:5      | Reached skill level 6 in Unarmed Combat
  4727 | D:6      | Found a staircase to the Ecumenical Temple.
  4733 | D:6      | Found a hide-covered altar of Uskayaw.
  4738 | D:6      | Noticed a +4 dagger
  4738 | D:6      | Noticed a +0 dagger
  4763 | D:6      | Reached XP level 8. HP: 34/67 MP: 8/8
  4938 | D:6      | Noticed Blork the orc
  5109 | D:6      | Reached skill level 5 in Shapeshifting
  5145 | D:6      | Killed Blork the orc
  5146 | D:6      | Reached skill level 7 in Unarmed Combat
  5188 | D:6      | Identified the +1 leather armour of the Evening {rC+}
  5224 | D:6      | Reached skill level 5 in Fighting
  5246 | D:6      | Gained mutation: You are frail. (-10% HP) [potion of
                  | mutation]
  5246 | D:6      | Lost mutation: You are frail. (-10% HP) [potion of
                  | mutation]
  5246 | D:6      | Gained mutation: You are agile. (Dex +4, Str/Int -1)
                  | [potion of mutation]
  5247 | D:6      | HP: 3/68 [poisoned by a kobold brigand (curare-tipped
                  | dart)]
  5622 | D:6      | Found a burning altar of Makhleb.
  5622 | D:6      | Noticed a kobold demonologist
  5633 | D:6      | Killed a kobold demonologist
  5634 | D:6      | Reached skill level 8 in Unarmed Combat
  5634 | D:6      | Reached XP level 9. HP: 57/75 MP: 9/9
  5974 | D:7      | Found a hazy altar of Hepliaklqana.
  6375 | D:7      | Reached skill level 5 in Dodging
  6635 | D:8      | You fall into a shaft and drop 3 floors!
  6636 | D:11     | Noticed Erica
  6651 | D:11     | Found a frozen archway.
  6818 | D:10     | Entered Level 10 of the Dungeon
  7152 | D:10     | Reached skill level 9 in Unarmed Combat
  7187 | D:10     | Reached XP level 10. HP: 48/84 MP: 10/10
  7703 | D:8      | Reached ****** piety under Cheibriados
  8224 | D:8      | Found an iron altar of Okawaru.
  9585 | D:10     | Found a staircase to the Lair.
  9677 | D:10     | Noticed Joseph
  9692 | D:10     | Killed Joseph
  9693 | D:10     | Reached skill level 10 in Shapeshifting
  9949 | D:10     | Reached skill level 10 in Unarmed Combat
  9996 | D:10     | Noticed a two-headed ogre
 10008 | D:10     | Killed a two-headed ogre
 10103 | Abyss:1  | Cast into level 1 of the Abyss (orc warrior)
 10238 | Abyss:1  | Noticed a large abomination
 10245 | Abyss:1  | Killed a large abomination
 10246 | Abyss:1  | Reached XP level 11. HP: 78/92 MP: 11/11
 10321 | Abyss:1  | Found a corrupted altar of Lugonu.
 10333 | Abyss:1  | Noticed a hell hog
 10339 | D:10     | Escaped the Abyss
 11086 | D:10     | Identified a scroll of acquirement
 11086 | D:10     | Acquired 941 gold pieces
 11136 | Lair:1   | Entered Level 1 of the Lair of Beasts
 11168 | Lair:1   | Noticed Sonja
 11232 | Lair:1   | Killed Sonja
 11260 | Lair:1   | Reached skill level 11 in Unarmed Combat
 11892 | Lair:2   | Noticed an oklob plant
 12073 | Lair:2   | Upgraded the game from 0.31-a0-1439-g542172135e to
                  | 0.31-a0-1537-g69dc257577
 12249 | Lair:2   | Upgraded the game from 0.31-a0-1537-g69dc257577 to
                  | 0.32-a0-818-gb728d0252e
 12278 | Lair:2   | Found a hole to the Spider Nest.
 12366 | Lair:2   | Reached skill level 12 in Unarmed Combat
 12716 | Lair:2   | Killed an oklob plant
 12992 | Lair:3   | Reached XP level 12. HP: 77/104 MP: 13/13
 13123 | Lair:3   | Noticed Nessos
 13125 | Lair:3   | Found a staircase to the Swamp.
 13138 | Lair:3   | Killed Nessos
 13144 | Lair:3   | Noticed an eleionoma
 13153 | Lair:3   | Killed an eleionoma
 13679 | Lair:3   | Reached skill level 13 in Unarmed Combat
 13689 | Lair:3   | Acquired the +1 pair of gloves of Bitterness {rC+ Slay+6}
 13971 | Lair:4   | Noticed a death yak
 13971 | Lair:4   | Noticed a death yak
 13971 | Lair:4   | Noticed a death yak
 13971 | Lair:4   | Noticed a death yak
 13971 | Lair:4   | Noticed a death yak
 13971 | Lair:4   | Noticed a death yak
 13976 | Lair:3   | Killed a death yak
 13982 | Lair:3   | Killed a death yak
 14049 | Lair:4   | Found a dark tunnel.
 14061 | Volcano  | Entered a volcano
 14151 | Volcano  | Reached skill level 5 in Invocations
 14251 | Volcano  | Noticed a stone giant
 14262 | Volcano  | Killed a stone giant
 14263 | Volcano  | Found a radiant altar of Vehumet.
 14405 | Volcano  | Found a bloodstained altar of Trog.
 14659 | Lair:4   | Killed a death yak
 14660 | Lair:4   | Reached skill level 14 in Unarmed Combat
 14667 | Lair:4   | Killed a death yak
 14679 | Lair:4   | Killed a death yak
 14682 | Lair:4   | Killed a death yak
 14710 | Lair:4   | Noticed a four-headed hydra
 14716 | Lair:4   | Killed a four-headed hydra
 14793 | Lair:4   | Reached XP level 13. HP: 111/111 MP: 17/17
 15380 | Lair:5   | Entered Level 5 of the Lair of Beasts
 15536 | Lair:5   | Reached skill level 15 in Unarmed Combat
 15682 | Lair:5   | Paralysed by a hornet for 3 turns
 15685 | Lair:5   | HP: 3/111 [polar bear (4)]
 15685 | Lair:5   | Slain by a polar bear

Illustrated notes

Levels and vault maps discovered:
D:1:      dpeg_arrival_signposts, layout_basic, ebering_ecumenical_altar_rust
D:2:      layout_loops_ring, kennysheep_generic_room_15
D:3:      layout_loops_ring, minmay_cupped
D:4:      layout_basic, gammafunk_ghost_cemetery
D:5:      layout_basic, portal_sewer_entry_f, dk_noncrumbling_2, uniq_grinder
D:6:      layout_rooms, dancing_weapons_uskayaw, makhleb_grotto_becter,
          minmay_temple_entry_sparse_star, uniq_blork_the_orc
D:7:      layout_cave_pools, nicolae_hepliaklqana_hazy_memory
D:8:      layout_basic, lemuel_crystal_altar, hangedman_decor_push,
          onia_ninara_dug_in_and_dangerous
D:9:      layout_stronghold, dreamdust_princess_bridge
D:10:     layout_layer_cave, chequers_temple_overflow_minitemple,
          due_lair_maze_entry_diamond, corexii_checkpoint, uniq_joseph
D:11:     layout_cave_pods, zombieorc2_lemuel,
          portal_ice_cave_entry_ice_simulacra, uniq_erolcha, uniq_erica
Lair:1:   hellmonk_ruined_rings, layout_loops_ring, infiniplex_staircase_pool,
          serial_bayou_shore_b, uniq_sonja
Lair:2:   layout_loops_ring, hellmonk_spider_entry_life_and_decay
Lair:3:   layout_loops_ring, alex1729_swamp_entry_worm_eleionoma,
          minmay_stone_trees_small, uniq_nessos
Lair:4:   dreamdust_cave_troll, layout_misc_corridors,
          nicolae_volcano_entry_lava_flow
Lair:5:   minmay_lair_end_enchanted_forest, layout_cave_pods, slime_entry_2,
          grunt_megastairs_4

Skill      XL: |  1  2  3  4  5  6  7  8  9 10 11 12 13 |
---------------+----------------------------------------+-----
Fighting       | 2 3 4 5 6 7 9 |  9.0
Unarmed Combat | 4 5 6 8 9 10 12 14 15 | 15.5
Dodging        | 2 3 4 5 6 7 |  7.4
Shapeshifting  | 4 5 7 10 11 12 | 12.0
Invocations    | 1 2 6 8 |  8.0

Action                     |  1- 3 |  4- 6 |  7- 9 | 10-12 | 13-15 || total
---------------------------+-------+-------+-------+-------+-------++-------
  Melee: Unarmed           |    86 |   204 |   227 |   515 |   126 ||  1158
         Tailslap          |     8 |    30 |    49 |   100 |    28 ||   215
         Punch             |       |     4 |    11 |    38 |     9 ||    62
         Maw               |       |       |       |   130 |    48 ||   178
 Invoke: Bend Time         |       |     2 |     1 |     4 |     1 ||     8
         Temporal Distorti |       |       |     1 |       |       ||     1
         Slouch            |       |       |       |     1 |     1 ||     2
Ability: Galvanic Breath   |       |       |     3 |     3 |       ||     6
  Evoke: Wand              |       |       |       |     1 |     3 ||     4
    Use: Scroll            |       |     7 |     8 |    11 |     4 ||    30
         Potion            |       |     4 |     1 |     1 |     3 ||     9
   Stab: Sleeping          |     1 |     5 |     7 |     4 |     1 ||    18
         Distracted        |       |     1 |       |     2 |     1 ||     4
 Armour: Skin              |    45 |   127 |   114 |   258 |    82 ||   626
  Dodge: Dodged            |    56 |   124 |   165 |   570 |   141 ||  1056
         Repelled          |       |       |       |    11 |     1 ||    12
   Form: Maw               |       |       |       |     1 |       ||     1
         Flux              |       |       |       |     1 |       ||     1

Table legend: (Time is in decaauts)
 A = Elapsed time spent in this place.
 B = Non-inter-level travel time spent in this place.
 C = Inter-level travel time spent in this place.
 D = Time resting spent in this place.
 E = Time spent auto-exploring this place.
 F = Levels seen in this place.
 G = Mean time per level.
                   A        B        C        D        E       F      G
               +--------+--------+--------+--------+--------+-----+--------+
         Total |  23512 |  22231 |   1281 |   1695 |  16623 |  19 | 1237.5 |
       Dungeon |  15174 |  14353 |    821 |   1487 |  10690 |  11 | 1379.5 |
          Lair |   6837 |   6378 |    459 |     10 |   5338 |   5 | 1367.4 |
         Abyss |    274 |    274 |      0 |      3 |    202 |   1 |  274.0 |
         Sewer |    647 |    647 |      0 |    158 |    187 |   1 |  647.0 |
       Volcano |    578 |    578 |      0 |     36 |    206 |   1 |  578.0 |
               +--------+--------+--------+--------+--------+-----+--------+

Top non-repeatable levels by time:
    D:10: 3333 daAuts
     D:5: 2024 daAuts
  Lair:4: 1805 daAuts
     D:9: 1764 daAuts
  Lair:2: 1688 daAuts
  Lair:3: 1674 daAuts
     D:6: 1436 daAuts
     D:4: 1302 daAuts
  Lair:1: 1284 daAuts
     D:8: 1159 daAuts
     D:2: 1138 daAuts
     D:7: 1101 daAuts
     D:3: 1085 daAuts
   Sewer: 647 daAuts
     D:1: 616 daAuts
